 Dungeon Crawl Stone Soup version 0.22-a0-525-gf69a080 (webtiles) character file.

10 iamserjio the Caller (level 2, -1/18 HPs)
             Began as an Octopode Wanderer on June 20, 2018.
             Slain by a jackal (2 damage)
             ... on level 1 of the Dungeon.
             The game lasted 00:01:27 (233 turns).

iamserjio the Caller (Octopode Wanderer)             Turns: 233, Time: 00:01:28

Health: -1/18      AC:  1    Str: 10    XL:     2   Next: 20%
Magic:  6/6        EV: 12    Int: 17    God:
Gold:   12         SH:  0    Dex:  9    Spells: 7/7 levels left

rFire    . . .     SeeInvis .   c - +0 club
rCold    . . .     Gourm    .   (no shield)
rNeg     . . .     Faith    .   (helmet restricted)
rPois    .         Spirit   .   (no amulet)
rElec    .         Reflect  .   (no ring)
rCorr    .         Harm     .   (no ring)
MR       .....                  (no ring)
Stlth    +++.......             (no ring)
HPRegen  0.06/turn              (no ring)
MPRegen  0.10/turn              (no ring)
                                (no ring)
                                (no ring)

@: no status effects
A: almost no armour, stealthy swim, amphibious, 8 rings, constrict 8, camouflage
1, gelatinous body 1
a: no special abilities


You were on level 1 of the Dungeon.
You were not hungry.

You visited 1 branch of the dungeon, and saw 1 of its levels.

You collected 12 gold pieces.

Inventory:

Hand Weapons
 c - a +0 club (weapon)
 d - a +0 dagger
Jewellery
 e - an uncursed ring of flight {unknown}
Scrolls
 a - a scroll of immolation {unknown}
 b - a scroll of teleportation
Potions
 h - 2 potions of might {unknown}
Comestibles
 f - a ration
 g - 4 chunks of flesh


   Skills:
 + Level 0.6 Fighting
 + Level 0.6 Dodging
 - Level 2.6 Stealth
 * Level 1.1 Unarmed Combat
 - Level 3.0 Spellcasting
   Level 3.0 Summonings
   Level 1.0 Necromancy
   Level 1.0 Ice Magic


You had 7 spell levels left.
You didn't know any spells.
Your spell library contained the following spells:

 Spells                   Type           Power        Failure   Level  Hunger
 Magic Dart               Conj           #...         17%         1    None
 Conjure Flame            Conj/Fire      #.......     45%         3    ###....
 Slow                     Hex            #.......     26%         2    ##.....
 Mephitic Cloud           Conj/Pois/Air  #.......     45%         3    ###....
 Blink                    Tloc           N/A          26%         2    ##.....
 Call Imp                 Summ           ##......     8%          2    ##.....


Dungeon Overview and Level Annotations

Branches:
Dungeon (1/15)

Altars:


Innate Abilities, Weirdness & Mutations

You cannot wear most types of armour.
You are very stealthy in the water. (Stealth+)
You are amphibious.
You can wear up to eight rings at the same time.
You can use your tentacles to constrict eight enemies at once.
Your skin changes colour to match your surroundings (Stealth+).
Your rubbery body absorbs attacks. (AC +1, EV +1)


Message History

There is a stone staircase leading down here.
You barely miss the jackal. Your grab misses the jackal.
Your squeeze misses the jackal. The jackal bites you. x2
You hit the jackal. You grab the jackal.
The jackal is heavily wounded.
You constrict the jackal.
The jackal struggles to escape constriction.
The jackal escapes!
You miss the jackal. Your grab misses the jackal.
The jackal is severely wounded.
The jackal bites you.
* * * LOW HITPOINT WARNING * * *
The jackal barely misses you. The jackal closely misses you.
You hit the jackal but do no damage. You grab the jackal.
The jackal is severely wounded.
You constrict the jackal, but do no damage.
The jackal misses you. The jackal bites you.
* * * LOW HITPOINT WARNING * * *
The jackal bites you.
You die...

####......#
#####.........####
......#..#.......
..........#.####
##........#.#
#...#......#
#...##.#.#.#
###..........#
.........h@.###
.########h###
##.K.## ##..†..##
###.......##
###..†.....?.#
..............+
.##.###.†.###..#
#. #[..# ..#


You could see 2 jackals and a kobold.

Vanquished Creatures
  2 dart slugs (D:1)
  A giant cockroach (D:1)
  A jackal (D:1)
  A frilled lizard (D:1)
  2 rats (D:1)
7 creatures vanquished.

Notes
Turn   | Place    | Note
-------+----------+-------------------------------------------
     0 | D:1      | iamserjio the Octopode Wanderer began the quest for the Orb.
     0 | D:1      | iamserjio set off with: a scroll of teleportation, a +0 club, a +0 dagger, a ration
     0 | D:1      | Reached XP level 1. HP: 11/11 MP: 4/4
   181 | D:1      | Reached skill level 1 in Unarmed Combat
   181 | D:1      | Reached XP level 2. HP: 15/18 MP: 6/6
   233 | D:1      | Slain by a jackal

Vault maps used:
D:1:      giann_wishing_wells, minmay_misc_feat_enclosed, minmay_misc_feat_cross

Skill      XL: |  1 |
---------------+----+-----
Unarmed Combat | 1 |  1.1
Fighting       | |  0.6
Dodging        | |  0.6
Stealth        | |  2.6
Spellcasting   | |  3.0
Summonings     | |  3.0
Necromancy     | |  1.0
Ice Magic      | |  1.0

Action                   || total
-------------------------++-------
Melee: Club              ||    17
       Constrict         ||     6
       Tentacles         ||     1
 Stab: Sleeping          ||     2
Armor: Skin              ||     1
Dodge: Dodged            ||     7

Table legend:
 A = Spawn XP
 B = Non-spawn XP
 C = Spawn XP percentage of total XP
 D = Spawn monster count
 E = Non-spawn monster count
 F = Spawn count percentage of total count
 G = Total turns spent on level
                    A         B        C        D         E        F      G
               +---------+---------+-------+---------+---------+-------+---------
         Total |       0 |      15 |   0.0 |       0 |       7 |   0.0 |   233
               +---------+---------+-------+---------+---------+-------+---------
           D:1 |       0 |      15 |   0.0 |       0 |       7 |   0.0 |   233
               +---------+---------+-------+---------+---------+-------+---------
